 Dungeon Crawl Stone Soup version 0.23-a0-261-g133332c (webtiles) character file.

138 RonnieColeman the Conjurer (level 5, -2/31 HPs)
             Began as an Octopode Conjurer on Sept 29, 2018.
             Killed from afar by RonnieColeman's ghost (12 damage)
             ... with a magic dart
             ... on level 3 of the Dungeon.
             The game lasted 00:06:43 (2336 turns).

RonnieColeman the Conjurer (Octopode Conjurer)      Turns: 2336, Time: 00:06:43

Health: -2/31      AC:  1    Str:  7    XL:     5   Next: 21%
Magic:  0/11       EV: 13    Int: 19    God:
Gold:   115        SH:  0    Dex: 12    Spells: 7/12 levels left

rFire    . . .     SeeInvis .   f - +0 spear
rCold    . . .     Gourm    .   (no shield)
rNeg     . . .     Faith    .   (helmet restricted)
rPois    .         Spirit   .   k - amulet of harm
rElec    .         Reflect  .   (no ring)
rCorr    .         Harm     +   (no ring)
MR       .....                  (no ring)
Stlth    +++.......             (no ring)
HPRegen  0.10/turn              (no ring)
MPRegen  0.12/turn              (no ring)
                                (no ring)
                                (no ring)

@: very slightly contaminated, drained
A: almost no armour, stealthy swim, amphibious, 8 rings, constrict 8, camouflage
1, gelatinous body 1
a: no special abilities


You were on level 3 of the Dungeon.
You were not hungry.

You visited 1 branch of the dungeon, and saw 3 of its levels.

You collected 115 gold pieces.

Inventory:

Hand Weapons
 c - a +0 short sword
 f - a +0 spear (weapon)
Jewellery
 k - an amulet of harm (around mantle)
Scrolls
 a - 2 scrolls of fear {unknown}
 e - 2 scrolls of teleportation {unknown}
 h - 2 scrolls of identify {unknown}
 i - a scroll of noise {unknown}
 j - 2 scrolls of remove curse {unknown}
Potions
 d - a potion of agility {unknown}
 g - 2 potions of degeneration {unknown}
 l - a potion of resistance {unknown}
 n - a potion of lignification {unknown}
Comestibles
 b - 5 rations
 m - 4 chunks of flesh


   Skills:
 - Level 2.0(1.4) Dodging
 - Level 2.6(2.1) Stealth
 * Level 4.1(3.5) Spellcasting
 + Level 4.8(4.2) Conjurations


You had 7 spell levels left.
You knew the following spells:

 Your Spells              Type           Power        Failure   Level  Hunger
a - Magic Dart            Conj           ###.         2%          1    None
c - Iskenderun's Mystic   Conj           ###.....     26%         4    ####...

Your spell library contained the following spells:

 Spells                   Type           Power        Failure   Level  Hunger
 Searing Ray              Conj           ###...       3%          2    ##.....
 Dazzling Spray           Conj/Hex       ##....       19%         3    ###....
 Force Lance              Conj/Tloc      ##......     52%         4    ####...
 Fulminant Prism          Conj/Hex       ##........   52%         4    ####...


Dungeon Overview and Level Annotations

Branches:
Dungeon (3/15)

Altars:
Makhleb

Annotations:
D:3 RonnieColeman's ghost, amateur OpCj


Innate Abilities, Weirdness & Mutations

You cannot wear most types of armour.
You are very stealthy in the water. (Stealth+)
You are amphibious.
You can wear up to eight rings at the same time.
You can use your tentacles to constrict eight enemies at once.
Your skin changes colour to match your surroundings (Stealth+).
Your rubbery body absorbs attacks. (AC +1, EV +1)


Message History

RonnieColeman's ghost is lightly damaged.
Casting: Magic Dart (safe; 1% risk of failure)
Confirm with . or Enter, or press ? or * to list all spells.
Aiming: Magic Dart (safe; 1% risk of failure)
Press: ? - help, Shift-Dir - straight line, f/p - RonnieColeman's ghost
Aim: RonnieColeman's ghost, wielding a weapon of draining (lightly damaged)
The magic dart hits RonnieColeman's ghost.
RonnieColeman's ghost is moderately damaged.
RonnieColeman's ghost hits you.
You feel drained.
Casting: Magic Dart (safe; 2% risk of failure)
Confirm with . or Enter, or press ? or * to list all spells.
Aiming: Magic Dart (safe; 2% risk of failure)
Press: ? - help, Shift-Dir - straight line, f/p - RonnieColeman's ghost
Aim: RonnieColeman's ghost, wielding a weapon of draining (moderately damaged)
The magic dart hits RonnieColeman's ghost.
RonnieColeman's ghost is moderately damaged.
RonnieColeman's ghost hits you!
You feel drained.
RonnieColeman's ghost casts a spell at you.
The magic dart hits you!
You die...

####### ###.....### #.......W.#
#### ###''####.## ...#
#^..≈≈..#@.# ### ...#
#.≈8.#..##..# #.#
)÷.####.#.≈≈.?##..######.####
†....(##..$..#≈#............#
##########.#.###..#####....#### #
#..# #######....#.........#
####.## #...).[..#...........###
.....################.........##.
...........# ########.........##.


You could see RonnieColeman's ghost.

Vanquished Creatures
  Terence (D:3)
  3 adders (D:3)
  An ooze (D:1)
  2 worms (D:2)
  2 leopard geckos
  4 orcs (D:3)
  2 giant cockroaches
  12 goblins
  7 hobgoblins
  3 jackals (D:1)
  2 quokkas (D:3)
  10 bats
  5 frilled lizards
  6 kobolds
  7 rats
67 creatures vanquished.

Notes
Turn   | Place    | Note
-------+----------+-------------------------------------------
     0 | D:1      | RonnieColeman the Octopode Conjurer began the quest for the
                  | Orb.
     0 | D:1      | Reached XP level 1. HP: 11/11 MP: 3/3
   105 | D:1      | Reached XP level 2. HP: 17/17 MP: 1/5
   547 | D:1      | Reached XP level 3. HP: 21/21 MP: 0/7
  1603 | D:3      | Found a burning altar of Makhleb.
  1646 | D:3      | Reached XP level 4. HP: 18/27 MP: 6/9
  1918 | D:3      | Noticed Terence
  1946 | D:2      | Learned a level 4 spell: Iskenderun's Mystic Blast
  1975 | D:3      | Killed Terence
  1975 | D:3      | Reached XP level 5. HP: 20/31 MP: 2/10
  2214 | D:3      | Found a large runed door.
  2214 | D:3      | Found a large runed door.
  2215 | D:3      | Noticed RonnieColeman's ghost (amateur OpCj)
  2336 | D:3      | Killed from afar by RonnieColeman's ghost

Vault maps used:
D:1:      dpeg_arrival_rooms_a
D:2:      kennysheep_generic_room_14
D:3:      lemuel_round_altar, nicolae_overflow_crystal_walls,
          ebering_ghost_disaster_area, uniq_terence

Skill      XL: |  1  2  3  4  5 |
---------------+----------------+-----
Spellcasting   | 3 4 |  4.1
Dodging        | |  2.0
Stealth        | |  2.6
Conjurations   | |  4.8

Action                   |  1- 3 |  4- 6 || total
-------------------------+-------+-------++-------
Melee: Short sword       |    23 |       ||    23
       Constrict         |    14 |     9 ||    23
       Tentacles         |    10 |     6 ||    16
       Unarmed           |     1 |       ||     1
       Spear             |    60 |    44 ||   104
 Cast: Magic Dart        |    26 |    25 ||    51
       Iskenderun's Myst |       |     2 ||     2
 Stab: Sleeping          |    10 |     4 ||    14
  Eat: Chunk             |     2 |     3 ||     5
Armor: Skin              |     6 |     2 ||     8
Dodge: Dodged            |    42 |    26 ||    68

Table legend:
 A = Non-vault XP
 B = Vault XP
 C = Vault XP percentage of total XP
 D = Non-vault monster count
 E = Vault monster count
 F = Vault count percentage of total count
                 A         B        C        D         E       F
            +---------+---------+-------+---------+---------+-------
      Total |     160 |      38 |  19.2 |      66 |       1 |   1.5
            +---------+---------+-------+---------+---------+-------
        D:1 |      43 |       0 |   0.0 |      22 |       0 |   0.0
        D:2 |      32 |       0 |   0.0 |      16 |       0 |   0.0
        D:3 |      85 |      38 |  30.9 |      28 |       1 |   3.4
            +---------+---------+-------+---------+---------+-------
